 Dungeon Sprint DCSS version 0.17-a0-1311-gbcbd859 (webtiles) character file.

4321 Kidiri the Unseen (level 10, -6/53 HPs)
             Began as a Spriggan Enchanter on June 8, 2015.
             Was a Priest of Dithmenos.
             Mangled by a rust devil (12 damage)
             ... summoned by Frances
             ... in the Dungeon (Sprint III: "The Ten Rune Challenge").
             The game lasted 00:10:48 (838 turns).

Kidiri the Unseen (Spriggan Enchanter)               Turns: 838, Time: 00:10:49

Health: -6/53      AC:  3    Str:  9    XL:     10   Next: 11%
Magic:  20/24      EV: 31    Int: 19    God:    Dithmenos [***...]
Gold:   50         SH:  0    Dex: 18    Spells: 5 memorised, 15 levels left

rFire  . . .     SeeInvis +     a - +1 dagger
rCold  . . .     Clarity  .     b - +1 robe
rNeg   . . .     SustAt   .     (shield restricted)
rPois  +         Gourm    .     (helmet restricted)
rElec  .         Spirit   .     (no cloak)
rCorr  .         Warding  .     (gloves unavailable)
rMut   .         NoTele   +     (boots unavailable)
MR     ++...                    (no amulet)
Stlth  +++++++++.               (no ring)
                                (no ring)

@: mighty, exhausted, slowed, wreathed by umbra, quick, very resistant to
hostile enchantments, incredibly stealthy
A: unfitting armour, see invisible, blink 2, herbivore 3, speed 3, magic
resistance 1, sense surroundings 1, poison resistance, slow metabolism 2,
evolution 1
a: Blink, Shadow Step, Renounce Religion


You were in the Dungeon.
You worshipped Dithmenos.
Dithmenos was most pleased with you.
You were not hungry.

You visited 1 branch You collected 50 gold pieces.

Inventory:

Hand weapons
 a - a +1 dagger (weapon)
 l - a +0 dagger
Armour
 b - a +1 robe (worn)
Magical devices
 n - a wand of confusion (27)
Scrolls
 j - a scroll of blinking
 o - 2 scrolls of immolation
 p - 2 scrolls of remove curse {unknown}
Potions
 e - 2 potions of curing
 g - a potion of haste
 h - 2 potions of magic
 i - 2 potions of berserk rage
 k - a potion of might
 m - a potion of mutation
 r - a potion of cancellation
 t - a potion of cure mutation
 u - a potion of flight
Books
 c - a book of Maledictions

   Spells                             Type                      Level
   a - Corona                         Hexes                        1
   b - Ensorcelled Hibernation        Hexes/Ice                    2
   c - Confuse                        Hexes                        3
   d - Tukima's Dance                 Hexes                        3
   e - Dazzling Spray                 Conjuration/Hexes            3
 v - a book of Annihilations {highlevel, unknown}

   This book is beyond your current level of understanding.

   Spells                             Type                      Level
   a - Poison Arrow                   Conjuration/Poison           6
   b - Chain Lightning                Conjuration/Air              8
   c - Lehudib's Crystal Spear        Conjuration/Earth            8
   d - Glaciate                       Conjuration/Ice              9
   e - Fire Storm                     Conjuration/Fire             9
Comestibles
 d - a bread ration
 q - 2 royal jellies
 s - 3 fruits


   Skills:
 + Level 5.9 Fighting
 * Level 11.2 Short Blades
 * Level 14.2 Dodging
 * Level 15.5 Stealth
 + Level 9.1 Spellcasting
 + Level 3.1 Conjurations
 + Level 9.4 Hexes
 + Level 5.7 Ice Magic
 + Level 4.3 Invocations
 + Level 5.7 Evocations


You had 15 spell levels left.
You knew the following spells:

 Your Spells              Type           Power        Failure   Level  Hunger
a - Corona                Hex            #####..      1%          1    None
b - Ensorcelled Hibernat  Hex/Ice        #####.       1%          2    None
c - Confuse               Hex            #####...     1%          3    None
d - Tukima's Dance        Hex            #####...     1%          3    None
e - Dazzling Spray        Conj/Hex       ####....     1%          3    None


Dungeon Overview and Level Annotations

Branches:
Dungeon (1/1)

Altars:
Cheibriados
Dithmenos
Elyvilon
Fedhas
Gozag
Kikubaaqudgha
Makhleb
Nemelex Xobeh
Okawaru
Qazlal
Ru
Sif Muna
Trog
Vehumet
Xom
Yredelemnul
Zin
The Shining One
Jiyva
Lugonu

Annotations:
D Frances


Innate Abilities, Weirdness & Mutations

You are tiny and cannot use many weapons and most armour.
You have supernaturally acute eyesight.
You are a herbivore.
You cover ground extremely quickly.
You need consume almost no food.
You are good at translocating small distances at will.
You are resistant to hostile enchantments.
You passively map a small area around you.
Your system is resistant to poisons.
You evolve.


Message History

You closely miss Frances.
Frances is lightly wounded.
The smoke demon closely misses you. The smoke demon completely misses you.
The smoke demon misses you. Frances completely misses you.
The rust devil closely misses you. The neqoxec gestures at you.
Something tries to feed on your intellect!
Casting: Ensorcelled Hibernation
Confirm with . or Enter, or press ? or * to list all spells.
Aiming: Ensorcelled Hibernation
Press: ? - help, Shift-Dir - straight line, f/p - Frances
Aim: Frances, wielding a war axe of holy wrath (black smoke, lightly wounded, fast, umbra, chance to defeat MR: 7%) Frances resists with almost no effort.
Frances hits you with an uncursed war axe of holy wrath!!
Ouch! That really hurt!
* * * LOW HITPOINT WARNING * * *
You emit a cloud of dark smoke.
The smoke demon completely misses you.
The smoke demon completely misses you. x2
The rust devil hits you!
You die...

#..≈≈≈'.#.'.(.'.#.#.#.+,
,
#.#§§§#.#.#.(.##.#.#.##
*
'.#§§§#.#.#)..#.#.#.#.#
*
#.#§§§#...#)).##.#.#.##
≈
▓▓▓▓▓▓▓▓▓▓▓▓▓▓#.#.#.#.#
, , ≈ ,,##.#.#.## ≈ *
+§#§#.#.# ,, , ** ** *
##§#.#.## * * ##@#####
**** * * * *#3@45.§§ ≈ ,
≈ ≈, ,,#53§#.≈≈§≈ , ≈
#...# #≈≈≈ ≈ * +##### *
≈≈ , * ≈ ** ≈ , , , * ,
*


You could see Frances, a rust devil, a smoke demon, a neqoxec, a white imp and a
shadow imp.

Vanquished Creatures
  Wiglaf (D)
  Josephine (D)
  A centaur warrior (D)
  An unseen horror (D)
  A shadow (D)
  A spatial vortex (D)
  2 centaurs (D)
  A necrophage (D)
  An earth elemental (D)
  A water elemental (D)
  A scorpion (D)
  A wizard (D)
  A jelly (D)
  Jessica (D)
  A necromancer (D)
  3 humans (D)
  A kobold demonologist (D)
  3 rats (D)
23 creatures vanquished.

Vanquished Creatures (collateral kills)
  A deep elf priest (D)
1 creature vanquished.

Vanquished Creatures (others)
  2 draconian scorchers (D)
  2 yaktaurs (D)
4 creatures vanquished.

Grand Total: 28 creatures vanquished

Notes
Turn   | Place    | Note
--------------------------------------------------------------
     0 | D        | Kidiri the Spriggan Enchanter began the quest for the Orb.
     0 | D        | Reached XP level 1. HP: 9/9 MP: 5/5
    26 | D        | Noticed Jessica
    32 | D        | Killed Jessica
    32 | D        | Reached skill level 1 in Fighting
    32 | D        | Reached skill level 6 in Stealth
    32 | D        | Reached XP level 2. HP: 12/14 MP: 7/7
    94 | D        | Learned a level 2 spell: Ensorcelled Hibernation
    98 | D        | Noticed a scorpion
   101 | D        | Killed a scorpion
   101 | D        | Reached skill level 7 in Stealth
   101 | D        | Reached skill level 1 in Ice Magic
   101 | D        | Reached XP level 3. HP: 16/18 MP: 9/9
   101 | D        | Reached XP level 4. HP: 20/23 MP: 10/10
   134 | D        | Killed a yaktaur
   209 | D        | Reached skill level 5 in Hexes
   219 | D        | Killed a white draconian scorcher
   235 | D        | Gained mutation: You can translocate small distances at will. [potion of mutation]
   235 | D        | Gained mutation: Your system is resistant to poisons. [potion of mutation]
   235 | D        | Gained mutation: You are good at translocating small distances at will. [potion of mutation]
   236 | D        | Gained mutation: You passively map a small area around you. [potion of mutation]
   236 | D        | Gained mutation: You evolve. [potion of mutation]
   236 | D        | Gained mutation: You are resistant to hostile enchantments. [potion of mutation]
   242 | D        | Noticed a water elemental
   245 | D        | Killed a water elemental
   245 | D        | Reached skill level 5 in Short Blades
   245 | D        | Reached skill level 8 in Stealth
   245 | D        | Reached XP level 5. HP: 27/27 MP: 12/12
   250 | D        | Learned a level 3 spell: Confuse
   254 | D        | Learned a level 3 spell: Tukima's Dance
   258 | D        | Learned a level 3 spell: Dazzling Spray
   268 | D        | Noticed a jelly
   268 | D        | Killed a white draconian scorcher
   269 | D        | Noticed a shadow
   271 | D        | Killed a shadow
   271 | D        | Reached skill level 9 in Dodging
   271 | D        | Reached skill level 10 in Stealth
   271 | D        | Reached skill level 5 in Spellcasting
   271 | D        | Reached XP level 6. HP: 30/32 MP: 12/15
   274 | D        | Killed a jelly
   297 | D        | Found a stormy altar of Qazlal.
   297 | D        | Found a sacrificial altar of Ru.
   297 | D        | Found a burning altar of Makhleb.
   297 | D        | Found a shimmering altar of Xom.
   298 | D        | Found a viscous altar of Jiyva.
   298 | D        | Found a shadowy altar of Dithmenos.
   298 | D        | Found a sparkling altar of Nemelex Xobeh.
   298 | D        | Found a corrupted altar of Lugonu.
   298 | D        | Found an opulent altar of Gozag.
   298 | D        | Noticed a spatial vortex
   302 | D        | Killed a spatial vortex
   302 | D        | Reached skill level 11 in Stealth
   303 | D        | Became a worshipper of Dithmenos the Shadowed
   335 | D        | Found a glowing silver altar of Zin.
   335 | D        | Found a glowing golden altar of the Shining One.
   335 | D        | Found a white marble altar of Elyvilon.
   336 | D        | Noticed a deep elf priest
   566 | D        | Killed a deep elf priest
   566 | D        | Reached skill level 10 in Dodging
   566 | D        | Reached XP level 7. HP: 30/37 MP: 8/17
   574 | D        | Found a basalt altar of Yredelemnul.
   574 | D        | Found a snail-covered altar of Cheibriados.
   574 | D        | Found a blossoming altar of Fedhas.
   574 | D        | Noticed a necrophage
   574 | D        | Noticed a necromancer
   576 | D        | Killed a necromancer
   577 | D        | Killed a necrophage
   641 | D        | Found an iron altar of Okawaru.
   641 | D        | Found a bloodstained altar of Trog.
   641 | D        | Noticed a human
   642 | D        | Noticed a human
   644 | D        | Killed a human
   644 | D        | Reached skill level 12 in Stealth
   645 | D        | Killed a human
   645 | D        | Reached XP level 8. HP: 40/42 MP: 19/19
   664 | D        | Found a radiant altar of Vehumet.
   665 | D        | Found a deep blue altar of Sif Muna.
   665 | D        | Found an ancient bone altar of Kikubaaqudgha.
   665 | D        | Noticed a wizard
   666 | D        | Killed a wizard
   666 | D        | Acquired Dithmenos's first power
   702 | D        | Noticed Josephine
   705 | D        | Killed Josephine
   705 | D        | Reached skill level 5 in Fighting
   705 | D        | Reached skill level 13 in Stealth
   705 | D        | Reached skill level 1 in Conjurations
   711 | D        | Noticed an earth elemental
   714 | D        | Killed an earth elemental
   719 | D        | Noticed a centaur
   719 | D        | Noticed a centaur warrior
   719 | D        | Noticed a centaur
   721 | D        | Killed a centaur
   723 | D        | Killed a centaur warrior
   723 | D        | Acquired Dithmenos's second power
   723 | D        | Reached skill level 10 in Short Blades
   723 | D        | Reached skill level 14 in Stealth
   723 | D        | Reached skill level 5 in Ice Magic
   723 | D        | Reached XP level 9. HP: 45/47 MP: 20/22
   730 | D        | Killed a centaur
   790 | D        | Noticed an unseen horror
   792 | D        | Killed an unseen horror
   803 | D        | Noticed Wiglaf
   803 | D        | Noticed Frances
   816 | D        | Noticed a smoke demon
   820 | D        | Killed a yaktaur
   825 | D        | Noticed a rust devil
   834 | D        | Killed Wiglaf
   834 | D        | Reached skill level 15 in Stealth
   834 | D        | Reached skill level 5 in Evocations
   834 | D        | Reached XP level 10. HP: 53/53 MP: 21/24
   838 | D        | Mangled by a rust devil

Vault maps used:
D:        dungeon_sprint_mu

Action                   |  1- 3 |  4- 6 |  7- 9 | 10-12 || total
-------------------------+-------+-------+-------+-------++-------
Melee: Dagger            |     7 |    13 |    34 |     2 ||    56
 Cast: Ensorcelled Hiber |       |    10 |     4 |     1 ||    15
       Tukima's Dance    |       |     3 |       |       ||     3
       Confuse           |       |     2 |       |       ||     2
Invok: Shadow Step       |       |       |     1 |       ||     1
  Use: Scroll            |       |     5 |       |       ||     5
       Potion            |       |     2 |     4 |       ||     6
 Stab: Sleeping          |     3 |     5 |    12 |       ||    20
